 Dungeon Crawl Stone Soup version 0.20.0-10-g0535bb4 (webtiles) character file.

48869 skittles the Arsonist (level 14, -4/122 HPs)
             Began as a Green Draconian Fire Elementalist on June 5, 2017.
             Was a High Priest of Vehumet.
             Slain by a two-headed ogre
             ... wielding a +0 giant spiked club
              (28 damage)
             ... on level 1 of the Orcish Mines.
             The game lasted 01:54:27 (24795 turns).

skittles the Arsonist (DrFE)                       Turns: 24795, Time: 01:54:27

Health: -4/122     AC: 12    Str: 10    XL:     14   Next: 13%
Magic:  35/35      EV: 16    Int: 22    God:    Vehumet [*****.]
Gold:   1528       SH:  0    Dex: 11    Spells: 6/27 levels left

rFire    . . .     SeeInvis .   a - +3 whip (elec)
rCold    . . .     Gourm    .   (no shield)
rNeg     . . .     Faith    .   (armour unavailable)
rPois    +         Spirit   .   (helmet restricted)
rElec    .         Reflect  .   F - +0 cloak
rCorr    .         Harm     .   X - +2 pair of gloves {Str+3}
MR       +....                  (no boots)
Stlth    +.........             h - amulet of regeneration
Regen    0.7/turn               o - ring of magical power
MPRegen  0.3/turn               i - -3 ring of strength (curse)

@: no status effects
A: breathe noxious fumes, unfitting armour, hooves 1, stinger 1, high mp 1,
poison resistance, cold-blooded, AC +8
a: Breathe Noxious Fumes, Renounce Religion


You were on level 1 of the Orcish Mines.
You worshipped Vehumet.
Vehumet was extremely pleased with you.
You were not hungry.

You visited 3 branches of the dungeon, and saw 18 of its levels.
You also visited: Labyrinth and Ice Cave.

You collected 1803 gold pieces.
You spent 275 gold pieces at shops.

Inventory:

Hand Weapons
 a - a +3 whip of electrocution (weapon)
 K - a +2 trident of flaming
Armour
 F - a +0 cloak (worn)
 I - a +0 shield
 X - a +2 pair of gloves of strength (worn)
Magical Staves
 b - an uncursed staff of fire
 A - an uncursed staff of energy
Jewellery
 h - an amulet of regeneration (around neck)
 i - a cursed -3 ring of strength (right hand)
 o - a ring of magical power (left hand)
 r - an uncursed ring of ice
 x - an uncursed ring of flight
 G - the ring "Gucrit" {rCorr Int+2 Dex+3 Stlth+}
   (You found it in an ice cave)

   [ring of resist corrosion]

   It affects your intelligence (+2).
   It affects your dexterity (+3).
   It makes you more stealthy.
 H - an uncursed amulet of rage
 L - an uncursed ring of positive energy
 M - an uncursed ring of protection from fire
 R - a +3 ring of intelligence {unknown}
 S - the ring "Ugofav" {rElec rF+ Dex+4 Stlth+}
   (You found it in a labyrinth)

   [ring of protection from fire]

   It affects your dexterity (+4).
   It protects you from fire.
   It insulates you from electricity.
   It makes you more stealthy.
Scrolls
 c - 5 scrolls of teleportation
 g - a scroll of enchant armour
 j - 4 scrolls of fog
 t - 5 scrolls of recharging
 u - 2 scrolls of summoning {unknown}
 y - a scroll of amnesia
 z - a scroll of blinking
 D - a scroll of holy word {unknown}
 E - 2 scrolls of magic mapping
 N - a scroll of acquirement {unknown}
 O - 2 scrolls of immolation {unknown}
 Y - 2 scrolls of vulnerability {unknown}
Potions
 e - a potion of might
 f - a potion of haste {unknown}
 k - 5 potions of curing
 l - 2 potions of agility
 n - 2 potions of cancellation
 p - 2 potions of ambrosia
 v - a potion of flight
 B - 3 potions of heal wounds
 J - a potion of invisibility {unknown}
 W - 2 potions of lignification
Books
 w - a book of Flames

   Spells                             Type                      Level
   a - Flame Tongue                   Conjuration/Fire             1
   b - Throw Flame                    Conjuration/Fire             2
   c - Conjure Flame                  Conjuration/Fire             3
   d - Inner Flame                    Hexes/Fire                   3
   e - Sticky Flame                   Conjuration/Fire             4
   f - Fireball                       Conjuration/Fire             5
 P - a book of Geomancy

   Spells                             Type                      Level
   a - Sandblast                      Earth                        1
   b - Passwall                       Transmutation/Earth          2
   c - Stone Arrow                    Conjuration/Earth            3
   d - Petrify                        Transmutation/Earth          4
   e - Lee's Rapid Deconstruction     Earth                        5
 U - the Handbook of Fiery Darkness
   (You found it in a labyrinth)

   Spells                             Type                      Level
   a - Flame Tongue                   Conjuration/Fire             1
   b - Animate Skeleton               Necromancy                   1
   c - Pain                           Necromancy                   1
   d - Inner Flame                    Hexes/Fire                   3
   e - Control Undead                 Necromancy                   4
   f - Excruciating Wounds            Charms/Necromancy            5
   g - Cigotuvi's Embrace             Necromancy                   5
Miscellaneous
 C - a lamp of fire
Comestibles
 m - 6 meat rations
 s - 6 bread rations
 Q - 13 royal jellies


   Skills:
 + Level 10.5 Fighting
 + Level 9.8 Maces & Flails
 - Level 2.3 Polearms
 + Level 9.1 Dodging
 - Level 1.7 Stealth
 - Level 7.0 Spellcasting
 + Level 11.8 Conjurations
 + Level 12.5 Fire Magic


You had 6 spell levels left.
You knew the following spells:

 Your Spells              Type           Power        Failure   Level  Hunger
a - Flame Tongue          Conj/Fire      #####        1%          1    None
b - Conjure Flame         Conj/Fire      ######..     1%          3    None
c - Sticky Flame          Conj/Fire      ######..     1%          4    ###....
d - Fireball              Conj/Fire      ######....   1%          5    #####..
e - Sting                 Conj/Pois      ####         1%          1    None
f - Dazzling Spray        Conj/Hex       ####..       1%          3    None
g - Fulminant Prism       Conj/Hex       ####......   1%          4    ###....


Dungeon Overview and Level Annotations

Branches:
Dungeon (15/15)            Temple (1/1) D:6            Lair (0/6) D:9
    Orc (2/2) D:10         Vaults (0/5) D:13
    Elf: Orc:2       Depths: D:15

Altars:
Ashenzari
Cheibriados
Dithmenos
Fedhas
Makhleb
Nemelex Xobeh
Sif Muna
Trog
Vehumet
Xom
Zin
The Shining One
Beogh

Shops:
D:4 *

Portals:
Trove: D:10 (give +8 demon whip)

Annotations:
D:14 1 runed door


Innate Abilities, Weirdness & Mutations

You can breathe blasts of noxious fumes.
Your lurid green scales are hard. (AC +8)
You cannot fit into any form of body armour.
Your tail ends in a poisonous barb.
Your system is resistant to poisons. (rPois)
You are cold-blooded and may be slowed by cold attacks.
You have large cloven feet.
You have an increased reservoir of magic. (+10% MP)


Message History

The two-headed ogre misses you. The two-headed ogre closely misses you.
The ogre hits you with a giant club!
The ogre shouts!
You hear two shouts!
You hear a shout! x2
You hear two shouts! x2; You hear a shout!
You hear two shouts!
You hear a shout!
A two-headed ogre comes into view.
It is wielding a dire flail and a giant club.
There is a stone staircase leading up, spattered with blood here.
The ogre hits you with a giant club!
The orc priest hits you but does no damage.
You climb upwards.
There is a stone staircase leading down here.
The two-headed ogre closely misses you. The two-headed ogre barely misses you.
The ogre hits you with a giant club! The ogre closely misses you.
The orc priest mumbles some strange prayers to Beogh against you.
Beogh smites you! The two-headed ogre barely misses you.
The two-headed ogre hits you but does no damage.
The two-headed ogre hits you with a giant spiked club!!
* * * LOW HITPOINT WARNING * * *
The two-headed ogre hits you with a giant club!!
You die...

##...#.....###.##..##
##.#.#......##.......#
#....##.............##
##....#...........###
##..........._....##
#.........>........#
##.#.##.#..OO.....##
###.######..oOO..####
##....#.##.....@...#
##.................##### ###
#...#.#.......[#..#..#.####.##
##.#.#.......[..........##...#
##..........รท............#.##
##........................##
###.......#..........#....#
###......##..............##
##.#.......................#


You could see 2 two-headed ogres, 2 ogres and an orc priest.

Vanquished Creatures
  Snorg (D:11)
  Josephine (D:11)
  A minotaur (Lab)
  2 ice dragons (IceCv)
  Fannar (D:11)
  Harold (D:10)
  Erolcha (D:10)
  2 hydras
  8 vault guards (D:13)
  2 centaur warriors (D:15)
  7 two-headed ogres
  A tengu warrior (D:14)
  Sonja (D:11)
  3 unseen horrors
  Pikel (D:5)
  A manticore (D:11)
  6 ugly things
  Joseph (D:7)
  Psyche (D:8)
  2 ice statues (IceCv)
  3 gargoyles
  2 rime drakes (IceCv)
  3 kobold demonologists
  3 meliai (D:12)
  6 trolls
  A queen bee (D:12)
  3 hippogriffs
  4 slime creatures (D:12)
  A meliai zombie (D:12)
  A hippogriff (shapeshifter) (D:13)
  2 shadows
  A wyvern (D:15)
  A water elemental (D:13)
  6 wraiths
  9 yaks
  A human (D:7)
  4 hogs (D:7)
  4 hungry ghosts
  A warg (Orc:1)
  A soldier ant (D:10)
  7 orc warriors
  25 ice beasts
  2 necrophages
  3 black bears
  An eye of draining (D:13)
  3 phantoms
  3 sky beasts
  12 ogres
  4 centaurs
  The ghost of Setanta the Sneak, an amateur TeAs (D:3)
  A crocodile (D:13)
  6 big kobolds
  6 bullfrogs
  A gnoll sergeant (D:10)
  5 scorpions
  6 wights
  A water moccasin skeleton (D:6)
  31 killer bees
  3 howler monkeys
  6 electric eels
  8 crimson imps
  4 bullfrog zombies
  4 quasits
  2 centaur zombies
  A hound (D:14)
  A gnoll shaman (D:4)
  4 bullfrog skeletons
  18 orc priests
  17 orc wizards
  10 centaur skeletons
  3 iguanas
  4 worker ants
  2 hound zombies
  A hound skeleton (D:4)
  9 gnolls
  13 adders
  A howler monkey skeleton (D:10)
  3 shadow imps
  2 oozes
  2 adder zombies (D:8)
  3 worms
  7 leopard geckos
  46 orcs
  7 giant cockroaches
  6 goblins
  12 hobgoblins
  18 jackals
  19 kobolds
  5 quokkas
  A ball python (D:1)
  9 bats
  5 frilled lizards
  A jackal zombie (D:8)
  A leopard gecko skeleton (D:4)
  A quokka skeleton (D:5)
  2 quokka zombies
  9 rats
  A butterfly (D:6)
  A plant (D:9)
491 creatures vanquished.

Vanquished Creatures (collateral kills)
  A killer bee (D:12)
  An orc (D:11)
2 creatures vanquished.

Vanquished Creatures (others)
  An unseen horror (D:15)
  An orc wizard (D:14)
  A leopard gecko (D:10)
  An orc (D:5)
  13 fulminant prisms
  2 plants (D:10)
19 creatures vanquished.

Grand Total: 512 creatures vanquished

Notes
Turn   | Place    | Note
-------+----------+-------------------------------------------
     0 | D:1      | skittles the Draconian Fire Elementalist began the quest for the Orb.
     0 | D:1      | Reached XP level 1. HP: 14/14 MP: 3/3
   400 | D:1      | Reached XP level 2. HP: 5/20 MP: 0/5
  1463 | D:1      | Reached skill level 4 in Fire Magic
  1539 | D:1      | Reached XP level 3. HP: 26/26 MP: 6/6
  1925 | D:2      | Reached skill level 1 in Polearms
  1961 | D:2      | Found a blossoming altar of Fedhas.
  1962 | D:2      | Found a deep blue altar of Sif Muna.
  1986 | D:2      | Found a shattered altar of Ashenzari.
  2018 | D:2      | Found a bloodstained altar of Trog.
  2259 | D:2      | Learned a level 3 spell: Conjure Flame
  2334 | D:2      | Reached XP level 4. HP: 32/34 MP: 7/7
  2521 | D:3      | Noticed Setanta's ghost (amateur TeAs)
  2527 | D:2      | Reached skill level 1 in Fighting
  2775 | D:2      | Reached XP level 5. HP: 37/40 MP: 4/8
  2844 | D:3      | Killed Setanta's ghost
  2844 | D:3      | Reached skill level 5 in Fire Magic
  2987 | D:3      | Learned a level 4 spell: Sticky Flame
  2989 | D:3      | Found a shadowy altar of Dithmenos.
  3162 | D:3      | You fall through a shaft for 3 floors!
  3314 | D:5      | Entered Level 5 of the Dungeon
  3510 | D:5      | Reached XP level 6. HP: 31/47 MP: 4/9
  5472 | D:4      | Reached skill level 6 in Fire Magic
  5558 | D:4      | Your scales start taking on a lurid green colour.
  5558 | D:4      | Reached XP level 7. HP: 52/52 MP: 4/10
  5558 | D:4      | Gained mutation: Your system is resistant to poisons. (rPois) [Green Draconian growth]
  5968 | D:4      | Found Ibes's General Store.
  6766 | D:5      | Reached skill level 5 in Conjurations
  7198 | D:5      | Reached skill level 7 in Fire Magic
  7205 | D:5      | Noticed a troll
  7220 | D:5      | Killed a troll
  7220 | D:5      | Reached XP level 8. HP: 52/59 MP: 5/11
  7427 | D:5      | Noticed Pikel
  7440 | D:5      | Killed Pikel
  7440 | D:5      | Reached skill level 8 in Fire Magic
  8068 | D:6      | Gained mutation: You are somewhat resistant to further mutation. [potion of mutation]
  8168 | D:6      | Reached skill level 1 in Maces & Flails
  8608 | D:6      | Reached XP level 9. HP: 67/67 MP: 12/12
  9029 | D:6      | Found a staircase to the Ecumenical Temple.
  9044 | Temple   | Entered the Ecumenical Temple
  9056 | Temple   | Became a worshipper of Vehumet
  9287 | D:7      | Reached skill level 9 in Fire Magic
  9764 | D:7      | Reached * piety under Vehumet
  9764 | D:7      | Offered knowledge of Shock by Vehumet.
  9808 | D:7      | Noticed Joseph
  9830 | D:7      | Killed Joseph
 10030 | D:7      | Reached XP level 10. HP: 76/80 MP: 13/13
 10387 | D:4      | Bought a cursed staff of fire for 275 gold pieces
 10577 | D:8      | Noticed a two-headed ogre
 10596 | D:8      | Killed a two-headed ogre
 10596 | D:8      | Reached skill level 5 in Fighting
 10841 | D:8      | Noticed Psyche
 10858 | D:8      | Reached ** piety under Vehumet
 10858 | D:8      | Offered knowledge of Sting by Vehumet.
 10862 | D:8      | Killed Psyche
 10867 | D:8      | Learned a level 1 spell: Sting
 11734 | D:9      | Reached skill level 5 in Dodging
 11745 | D:9      | Learned a level 5 spell: Fireball
 11884 | D:9      | Lost mutation: You are somewhat resistant to further mutation. [potion of mutation]
 11884 | D:9      | Gained mutation: You have large cloven feet. [potion of mutation]
 11884 | D:9      | Gained mutation: You are agile. (Dex +2) [potion of mutation]
 11884 | D:9      | Lost mutation: You are agile. (Dex +2) [potion of mutation]
 11884 | D:9      | Gained mutation: You have an increased reservoir of magic. (+10% MP) [potion of mutation]
 11962 | D:9      | Reached skill level 5 in Maces & Flails
 12089 | D:9      | Found a staircase to the Lair.
 12211 | D:9      | Noticed a two-headed ogre
 12223 | D:9      | Killed a two-headed ogre
 12223 | D:9      | Reached skill level 10 in Fire Magic
 12722 | D:10     | Entered Level 10 of the Dungeon
 12727 | D:10     | Noticed Harold
 12756 | D:10     | Killed Harold
 12756 | D:10     | Reached XP level 11. HP: 46/89 MP: 14/18
 12777 | D:10     | Found a portal to a secret trove of treasure.
 13574 | D:10     | Noticed a two-headed ogre
 13686 | D:10     | Offered knowledge of Dazzling Spray by Vehumet.
 13691 | D:10     | Learned a level 3 spell: Dazzling Spray
 13869 | D:10     | Noticed a two-headed ogre
 13877 | D:10     | Killed a two-headed ogre
 13989 | D:10     | Reached *** piety under Vehumet
 14101 | D:10     | Found a staircase to the Orcish Mines.
 14146 | D:10     | Found a roughly hewn altar of Beogh.
 14278 | D:10     | Noticed Erolcha
 14284 | D:10     | Paralysed by Erolcha for 7 turns
 14293 | D:10     | Killed Erolcha
 14447 | D:10     | Found a glowing golden altar of the Shining One.
 14796 | D:11     | Found a frozen archway.
 14808 | D:11     | Offered knowledge of Mephitic Cloud by Vehumet.
 14898 | IceCv    | Entered an ice cave
 15398 | IceCv    | Reached skill level 5 in Spellcasting
 15398 | IceCv    | Reached skill level 10 in Conjurations
 15724 | IceCv    | Noticed an ice dragon
 15731 | IceCv    | Noticed an ice dragon
 15739 | IceCv    | Killed an ice dragon
 15739 | IceCv    | Reached XP level 12. HP: 39/101 MP: 16/21
 15739 | IceCv    | Killed an ice dragon
 15739 | IceCv    | Reached skill level 11 in Fire Magic
 16012 | IceCv    | Got a sparkling steel ring
 16222 | IceCv    | Identified the ring "Gucrit" {rCorr Int+2 Dex+3 Stlth+} (You found it in an ice cave)
 16243 | D:11     | Noticed a five-headed hydra
 16254 | D:11     | Killed a five-headed hydra
 16364 | D:11     | Reached **** piety under Vehumet
 16689 | D:11     | Offered knowledge of Airstrike by Vehumet.
 16749 | D:11     | Noticed Fannar
 16767 | D:11     | Killed Fannar
 17000 | D:11     | Noticed Josephine
 17012 | D:11     | Killed Josephine
 17335 | D:11     | Noticed Sonja
 17354 | D:11     | Killed Sonja
 17503 | D:11     | Noticed Snorg
 17534 | D:11     | Killed Snorg
 18243 | D:12     | Found a labyrinth entrance.
 18251 | D:12     | Got a scorched war axe
 18252 | D:12     | Identified the +3 war axe "Worm" {holy, +Inv rPois Str+3} (You found it on level 12 of the Dungeon)
 18260 | Lab      | Entered a labyrinth
 18952 | Lab      | Noticed a minotaur
 18965 | Lab      | Killed a minotaur
 19005 | Lab      | Identified the Handbook of Fiery Darkness
 19006 | Lab      | Got a wavering turquoise ring
 19015 | D:12     | Identified the ring "Ugofav" {rElec rF+ Dex+4 Stlth+} (You found it in a labyrinth)
 19323 | D:12     | Reached ***** piety under Vehumet
 19323 | D:12     | Offered knowledge of Force Lance by Vehumet.
 19323 | D:12     | Reached XP level 13. HP: 100/111 MP: 19/25
 20566 | D:13     | Found a gate to the Vaults.
 20572 | D:13     | Reached skill level 12 in Fire Magic
 21844 | D:13     | Reached skill level 10 in Fighting
 22809 | D:13     | Offered knowledge of Fulminant Prism by Vehumet.
 22815 | D:13     | Learned a level 4 spell: Fulminant Prism
 23671 | D:14     | Found a runed door.
 23728 | D:15     | Entered Level 15 of the Dungeon
 23736 | D:15     | Gained mutation: Your tail ends in a poisonous barb. [Green Draconian growth]
 23736 | D:15     | Reached XP level 14. HP: 84/121 MP: 21/26
 23802 | D:15     | Found a blossoming altar of Fedhas.
 24405 | Orc:1    | Entered Level 1 of the Orcish Mines
 24461 | Orc:1    | Found a shimmering altar of Xom.
 24613 | Orc:2    | Entered Level 2 of the Orcish Mines
 24795 | Orc:1    | Slain by a two-headed ogre

Skill      XL: |  1  2  3  4  5  6  7  8  9 10 11 12 13 14 |
---------------+-------------------------------------------+-----
Fire Magic     | 4 5 6 7 8 9 10 11 12 | 12.5
Polearms       | 1 2 |  2.3
Fighting       | 1 2 4 6 7 9 10 | 10.5
Conjurations   | 2 3 4 6 7 8 9 10 11 | 11.8
Dodging        | 2 4 5 6 7 8 9 |  9.1
Maces & Flails | 1 4 5 7 8 9 |  9.8
Spellcasting   | 3 5 6 7 |  7.0
Stealth        | |  1.7

Action                   |  1- 3 |  4- 6 |  7- 9 | 10-12 | 13-15 || total
-------------------------+-------+-------+-------+-------+-------++-------
Melee: Spear             |   137 |   190 |    38 |       |       ||   365
       Short sword       |    11 |    41 |       |       |       ||    52
       Tailslap          |     6 |    16 |    14 |    21 |    13 ||    70
       Staff             |       |       |    18 |    86 |    28 ||   132
       Whip              |       |       |   107 |    42 |    30 ||   179
       Kick              |       |       |       |    19 |    14 ||    33
       Trident           |       |       |       |    61 |       ||    61
Throw: Throwing net      |       |       |       |     2 |       ||     2
 Cast: Flame Tongue      |    26 |    75 |   140 |   347 |   225 ||   813
       Conjure Flame     |       |     5 |     4 |    17 |    13 ||    39
       Sticky Flame      |       |     2 |    22 |    96 |    65 ||   185
       Fireball          |       |       |       |    29 |    30 ||    59
       Dazzling Spray    |       |       |       |     1 |     3 ||     4
       Sting             |       |       |       |       |    30 ||    30
       Fulminant Prism   |       |       |       |       |    13 ||    13
 Abil: Breathe Noxious F |       |       |     4 |     6 |     4 ||    14
  Use: Scroll            |       |     8 |     8 |     7 |     4 ||    27
       Potion            |       |       |     1 |     1 |       ||     2
 Stab: Sleeping          |     8 |     4 |     3 |       |       ||    15
       Distracted        |       |       |     1 |       |       ||     1
       Confused          |       |       |       |     1 |       ||     1
       Invisible         |       |       |       |       |     1 ||     1
  Eat: Chunk             |     5 |    12 |    16 |    38 |    28 ||    99
       Fruit             |       |       |     2 |       |     1 ||     3
       Royal jelly       |       |       |       |     9 |     1 ||    10
       Meat ration       |       |       |       |     1 |       ||     1
Armor: Skin              |    35 |    73 |    71 |   116 |    66 ||   361
Dodge: Dodged            |    78 |   142 |   146 |   265 |   165 ||   796
